 Dungeon Crawl Stone Soup version 0.26-a0-639-g72c4674329 (webtiles) character file.

Game seed: 3097745379862335930

129 pianissimo the Insei (level 5, -1/37 HPs)
             Began as an Octopode Chaos Knight on Sept 18, 2020.
             Was a Plaything of Xom.
             Slain by Natasha (10 damage)
             ... on level 2 of the Dungeon.
             The game lasted 00:02:36 (2383 turns).

pianissimo the Insei (Octopode Chaos Knight)        Turns: 2383, Time: 00:02:37

Health: -1/37      AC:  1    Str: 12    XL:     5   Next: 12%
Magic:  5/5        EV: 14    Int: 14    God:    Xom [.....*]
Gold:   66         SH:  0    Dex: 12    Spells: 4/4 levels left

rFire    . . .     SeeInvis .     - Unarmed
rCold    . . .     Faith    .   (no shield)
rNeg     . . .     Spirit   .   (helmet restricted)
rPois    .         Reflect  .   (no amulet)
rElec    .         Harm     .   (no ring)
rCorr    .         Rampage  .   (no ring)
MR       .....                  (no ring)
Stlth    ++........             (no ring)
HPRegen  0.12/turn              (no ring)
MPRegen  0.09/turn              (no ring)
                                (no ring)
                                (no ring)

@: no status effects
A: almost no armour, stealthy swim, amphibious, 8 rings, constrict 8, camouflage
1, gelatinous body 1
a: Renounce Religion


You were on level 2 of the Dungeon.
You worshipped Xom.
You were Xom's teddy bear.
You visited 1 branch of the dungeon, and saw 2 of its levels.

You collected 66 gold pieces.

Inventory:

Missiles
 a - 13 poisoned darts (quivered)
Scrolls
 b - a scroll of blinking {unknown}
 f - a scroll of fog {unknown}
Potions
 c - 2 potions of curing {unknown}
 d - a potion of brilliance {unknown}
 e - a potion of lignification {unknown}
 g - a potion of mutation {unknown}


   Skills:
 + Level 3.8 Fighting
 + Level 3.3 Dodging
 * Level 4.5 Unarmed Combat


You had 4 spell levels left.
You didn't know any spells.
Your spell library was empty.

Dungeon Overview and Level Annotations

Branches:
Dungeon (2/15)

Altars:
Nemelex Xobeh
Uskayaw

Annotations:
D:2 Natasha


Innate Abilities, Weirdness & Mutations

You cannot wear most types of armour.
You are very stealthy in the water. (Stealth+)
You are amphibious.
You can wear up to eight rings at the same time.
You can use your tentacles to constrict eight enemies at once.
Your skin changes colour to match your surroundings (Stealth+).
Your rubbery body absorbs attacks. (AC +1, EV +1)


Message History

There is a stone staircase leading down here.
Natasha hisses angrily.
Natasha casts a spell at you. The magic dart hits you!
Natasha is nearby!
Natasha misses you.
You closely miss Natasha. Your grab misses Natasha. Natasha claws you.
You tentacle-slap Natasha but do no damage.
Your grab misses Natasha. Natasha barely misses you.
You closely miss Natasha. Your grab misses Natasha.
You squeeze Natasha, but do no damage. You barely miss Natasha.
Your grab misses Natasha. Your squeeze misses Natasha. Natasha claws you!
You tentacle-slap Natasha but do no damage.
Your grab misses Natasha. Natasha barely misses you.
You tentacle-slap Natasha. Your grab misses Natasha.
Your squeeze misses Natasha. Natasha claws you!
* * * LOW HITPOINT WARNING * * *
You tentacle-slap Natasha. Your grab misses Natasha. Natasha claws you!
You die...

###########.## #.# #...).....
.............# #.# #.........
.......####..# #.# #.........
.#####.####..######.# #.........
...................># #..)......
###.##.##.....##.##.####.##.#####
.......##.....##.##......##.#####
....#...........................†
#...#.###......h@.<.....###.#####
#...#.# #...............#..).# #
#...#.# #....##.........#....# #
(.....# #....##..............## #
....### #....##.........#.....# #
#########....##.........#.....# #
........................#..... .
........#.$..##..#......#....####
####### ##### #..#......#........


You could see Natasha.

Vanquished Creatures
  Natasha (D:2)
  Terence (D:2)
  3 adders (D:2)
  An ooze (D:1)
  A dart slug (D:1)
  A leopard gecko (D:2)
  4 bats
  2 giant cockroaches
  5 goblins
  8 hobgoblins (D:1)
  2 jackals (D:1)
  2 quokkas (D:2)
  9 kobolds
  2 rats (D:1)
42 creatures vanquished.

Notes
Turn   | Place    | Note
-------+----------+-------------------------------------------
     0 | D:1      | pianissimo the Octopode Chaos Knight began the quest for
                  | the Orb.
     0 | D:1      | Reached XP level 1. HP: 16/16 MP: 1/1
   200 | D:1      | XOM: silly message
   352 | D:1      | Reached XP level 2. HP: 21/21 MP: 2/2
   356 | D:1      | XOM: divination: magic mapping
   552 | D:1      | XOM: silly message
   602 | D:1      | XOM: cloud trail
   818 | D:1      | Reached XP level 3. HP: 26/26 MP: 3/3
   891 | D:1      | XOM is BORED!
  1101 | D:1      | XOM: summons 1 hostile demon
  1345 | D:1      | XOM: god gift: 12 gold pieces
  1480 | D:2      | Noticed Natasha
  1489 | D:2      | Killed Natasha
  1489 | D:2      | Reached skill level 4 in Unarmed Combat
  1489 | D:2      | Reached XP level 4. HP: 21/31 MP: 4/4
  1505 | D:2      | XOM: cleaving
  1529 | D:2      | Noticed Natasha
  1618 | D:2      | XOM: god gift: 28 arrows
  1754 | D:2      | Found a sparkling altar of Nemelex Xobeh.
  1784 | D:2      | XOM: 5-stop teleportation journey
  2023 | D:2      | Found a hide-covered altar of Uskayaw.
  2136 | D:2      | XOM: scenery: summon butterflies
  2253 | D:2      | Noticed Terence
  2260 | D:2      | Killed Terence
  2260 | D:2      | Reached XP level 5. HP: 32/37 MP: 5/5
  2383 | D:2      | Slain by Natasha

Illustrated notes

Levels and vault maps discovered:
D:1:      evilmike_arrival_rings, layout_loops_ring, minmay_stone_trees_medium,
          st_stairs_10
D:2:      wad_crossroads, layout_basic, nicolae_overflow_crystal_walls,
          lemuel_round_altar, uniq_natasha, uniq_terence

Skill      XL: |  1  2  3 |
---------------+----------+-----
Dodging        | 3 |  3.3
Unarmed Combat | 4 |  4.5
Fighting       | |  3.8

Action                   |  1- 3 |  4- 6 || total
-------------------------+-------+-------++-------
Melee: Unarmed           |    95 |    33 ||   128
       Constrict         |    25 |     8 ||    33
       Tentacles         |    14 |     9 ||    23
       Punch             |       |     1 ||     1
 Stab: Sleeping          |     5 |       ||     5
Armor: Skin              |     6 |     2 ||     8
Dodge: Dodged            |    61 |    24 ||    85

Table legend: (Time is in decaauts)
 A = Elapsed time spent in this place.
 B = Non-inter-level travel time spent in this place.
 C = Inter-level travel time spent in this place.
 D = Time resting spent in this place.
 E = Time spent auto-exploring this place.
 F = Levels seen in this place.
 G = Mean time per level.
                   A        B        C        D        E       F      G
               +--------+--------+--------+--------+--------+-----+--------+
         Total |   2373 |   2351 |     22 |    462 |   1582 |   2 | 1186.5 |
       Dungeon |   2373 |   2351 |     22 |    462 |   1582 |   2 | 1186.5 |
               +--------+--------+--------+--------+--------+-----+--------+

Top non-repeatable levels by time:
     D:1: 1391 daAuts
     D:2: 982 daAuts
